AoeStats
← NameBeNate

Hideout

509377333Analyzed
1v1 RM · 6d ago on Sep 26, 2026· 41m 46s· 2 players
Game mode
Random Map
Map size
Tiny (2 player)
Population
200
Speed
Normal
Resources
Standard
Victory
Conquest
Starting age
Dark Age
Ending age
Imperial Age
RankedLock teamsTeams togetherTeam positionsShared explorationLock speedFull tech treeHidden civsTurbo modeCheats
Victory
Defeat
🇺🇸 Bulgarians · United States
1089
+15
🇨🇭 Berbers · Switzerland
1060
-15
ChefSoucoupe514
8:21 Loom
10:38 Feudal Age
11:26 Double-Bit Axe
11:23 Horse Collar
15:03 Fletching
21:28 Castle Age
20:32 Bloodlines
21:20 Forging
21:16 Scale Barding Armor
24:22 Husbandry
24:26 Bodkin Arrow
25:37 Chain Barding Armor
26:24 Gold Mining
28:13 Bow Saw
28:16 Heavy Plow
31:06 Town Watch
32:00 Wheelbarrow
34:59 Imperial Age
33:22 Thumb Ring
34:35 Padded Archer Armor
35:09 Ballistics
37:55 Bracer
38:13 Leather Archer Armor
40:15 Chemistry
40:55 Conscription
40:44 Heavy Camel Rider
NameBeNate
8:41 Loom
10:50 Feudal Age
18:48 Castle Age
17:19 Horse Collar
17:34 Double-Bit Axe
17:58 Scale Barding Armor
18:35 Forging
18:59 Bloodlines
22:17 Wheelbarrow
22:39 Fletching
23:34 Pikeman
26:05 Squires
26:13 Scale Mail Armor
26:41 Bow Saw
26:52 Gold Mining
29:16 Town Watch
34:32 Imperial Age
34:54 Gold Shaft Mining
34:41 Husbandry
35:15 Heavy Plow
37:49 Iron Casting
37:35 Chain Barding Armor
37:31 Chain Mail Armor
36:58 Halberdier
38:18 Stirrups
Connection lost

Rejoining the realm…

Still unreachable

The connection could not be restored.

Session expired

The server has moved on; the page needs a fresh start.